 Dungeon Crawl Stone Soup version 0.31-a0-152-g6aa68a64a1 (webtiles) character file.

Game seed: 1875221080455332163

105 qw the Shooter (level 4, -3/28 HPs)
             Began as a Gargoyle Hunter on June 10, 2023.
             Slain by a goblin
             ... wielding a +0 club
             ... led by Robin
              (5 damage)
             ... on level 2 of the Dungeon.
             The game lasted 00:00:37 (984 turns).

qw the Shooter (Gargoyle Hunter)                     Turns: 984, Time: 00:00:37

Health: -3/28      AC:  9    Str: 15    XL:     4   Next: 81%
Magic:  4/4        EV: 11    Int:  9    God:
Gold:   20         SH:  0    Dex: 15    Spells: 3/3 levels left

rFire   . . .        Y - +0 shortbow
rCold   . . .        (shield currently unavailable)
rNeg    + . .        h - +0 ring mail
rPois   inf          (no helmet)
rElec   +            (no cloak)
rCorr   .            (no gloves)
SInv    .            (no boots)
Will    .....        (no amulet)
Stlth   +            (no ring)
HPRegen 0.24/turn    (no ring)
MPRegen 0.09/turn

%: no passive effects
@: no status effects
A: sickness immunity, AC +3, negative energy resistance 1, electricity
resistance, torment resistance 1, petrification resistance
a: no special abilities


You were on level 2 of the Dungeon.
You visited 1 branch of the dungeon, and saw 2 of its levels.

You collected 20 gold pieces.


Innate Abilities, Weirdness & Mutations

You are immune to sickness and miasma.
Your stone body is resilient. (AC +3)
You are immune to poison.
You resist negative energy. (rN+)
You are resistant to electric shocks. (rElec)
You are resistant to unholy torment.
You are immune to petrification.


   Skills:
 - Level 3.1 Fighting
 + Level 5.1 Ranged Weapons
 - Level 2.1 Armour
 - Level 1.5 Dodging
 - Level 1.1 Stealth


You had 3 spell levels left.
You didn't know any spells.
Your spell library was empty.

Inventory:

Hand Weapons
 Y - a +0 shortbow (weapon)
Armour
 h - a +0 ring mail (worn)
Scrolls
 a - a scroll of identify {unknown}
 b - a scroll of vulnerability {unknown}
 e - 3 scrolls of magic mapping {unknown}
 f - a scroll of enchant weapon {unknown}
Potions
 c - a potion of berserk rage {unknown}
 d - a potion of haste {unknown}
 g - a potion of heal wounds {unknown}

Dungeon Overview and Level Annotations

Branches:
Dungeon (2/15)

Altars:

Annotations:
D:2 Robin


Message History

The goblin hits you but does no damage.
You shoot an arrow. The arrow barely misses the goblin.
The arrow hits Robin but does no damage.
Robin hits you but does no damage. The goblin barely misses you.
The goblin hits you but does no damage.
You shoot an arrow. The arrow barely misses the goblin.
The arrow completely misses Robin.
Robin hits you from afar with a +0 spear.
The goblin hits you with a +0 club. The goblin barely misses you.
The goblin hits you but does no damage.
You shoot an arrow. The arrow hits the goblin.
You kill the goblin!
Robin misses you.
The goblin unwields a +0 club.
The goblin wields a +0 sling.
The goblin shoots a sling bullet.
The sling bullet closely misses you. The goblin hits you with a +0 club.
The goblin hits you but does no damage.
Robin hits you from afar with a +0 spear.
The goblin hits you with a +0 dagger. The goblin barely misses you.
The goblin hits you but does no damage.
You shoot an arrow. The arrow closely misses the goblin.
The arrow closely misses Robin.
Robin hits you but does no damage.
The goblin hits you but does no damage. x2
You shoot an arrow. The arrow closely misses the goblin.
The arrow hits Robin.
Robin is lightly wounded.
The goblin no longer looks unusually strong. x2
Robin hits you but does no damage. The goblin hits you with a +0 club.
The goblin closely misses you. The goblin hits you but does no damage.
You shoot an arrow. The arrow hits the goblin!
You kill the goblin!
The goblin no longer looks unusually strong.
Robin flexes a bicep menacingly.
The goblin hits you but does no damage. The goblin misses you.
You shoot an arrow. The arrow hits the goblin.
The goblin is severely wounded.
Robin hits you but does no damage. The goblin misses you. x2
The goblin barely misses you. x3; Robin misses you.
The goblin hits you but does no damage.
You shoot an arrow. The arrow hits the goblin!
You kill the goblin!
The goblin hits you with a +0 club.
You die...

## # ###8###8#
#........
#..g..[..
#gg...... ### #@#
#....##g####
#.......#
######.## ##.#
#..# #.##
#.#########
#..#####>.........


You could see Robin and 3 goblins.

Vanquished Creatures
  A hound (D:2)
  2 adders (D:2)
  A worm (D:2)
  2 dart slugs (D:1)
  2 ball pythons (D:1)
  7 endoplasms
  3 giant cockroaches (D:1)
  10 goblins
  4 hobgoblins
  2 jackals (D:1)
  A quokka (D:1)
  3 bats
  2 frilled lizards (D:1)
  2 kobolds (D:1)
  5 rats
47 creatures vanquished.

Notes
Turn   | Place    | Note
-------+----------+-------------------------------------------
     0 | D:1      | qw the Gargoyle Hunter began the quest for the Orb.
     0 | D:1      | Reached XP level 1. HP: 12/12 MP: 1/1
     0 | D:1      | 0 ||| qw: Version: 0.2-a-123-gb51047a
     0 | D:1      | 0 ||| qw: Game counter: 3687
     0 | D:1      | 0 ||| qw: Always use a shield: true
     0 | D:1      | 0 ||| qw: God list: Okawaru
     0 | D:1      | 0 ||| qw: Allow faded altars: false
     0 | D:1      | 0 ||| qw: Do Orc after D:15 true
     0 | D:1      | 0 ||| qw: Do second Lair branch before Depths: true
     0 | D:1      | 0 ||| qw: Lair rune preference: random
     0 | D:1      | 0 ||| qw: Plans: Normal, Zot:1-4, Slime:5, God:TSO, Crypt,
                  | Tomb, Abyss, Pan, Hells, Win
     0 | D:1      | 0 ||| PLANNING D:1-11
    75 | D:1      | Reached XP level 2. HP: 17/17 MP: 2/2
   140 | D:1      | Reached XP level 3. HP: 14/21 MP: 3/3
   195 | D:1      | Reached skill level 5 in Ranged Weapons
   396 | D:1      | 396 ||| UPGRADING to +0 ring mail.
   406 | D:1      | 406 ||| DROPPING +0 leather armour.
   407 | D:1      | 407 ||| READING scroll labelled NAUJEZ EXKEO.
   411 | D:1      | 411 ||| READING scroll labelled ARAURI COHOAKK.
   412 | D:1      | 412 ||| READING scroll labelled HUOQADW MEUGH.
   413 | D:1      | 413 ||| DROPPING scroll of butterflies.
   556 | D:2      | Reached XP level 4. HP: 9/27 MP: 4/4
   811 | D:2      | Reached skill level 3 in Fighting
   958 | D:2      | Noticed Robin
   978 | D:2      | HP: 7/28 [goblin/+0 club[Robin] (4)]
   979 | D:2      | HP: 2/28 [Robin/+0 spear (3)]
   984 | D:2      | Slain by a goblin

Levels and vault maps discovered:
D:1:      dpeg_arrival_tiny_h, layout_rooms, minmay_three_crescents
D:2:      wad_crossroads, layout_basic, serial_corexii_hall,
          corexii_hall_statues_t, chequers_hall_statues_corner_a,
          minmay_fractal_squares_gapless_5, uniq_robin

Skill      XL: |  1  2  3  4 |
---------------+-------------+-----
Ranged Weapons | 5 |  5.1
Armour         | 2 |  2.1
Fighting       | 3 |  3.1
Dodging        | |  1.5
Stealth        | |  1.1

Action                     |  1- 3 |  4- 6 || total
---------------------------+-------+-------++-------
   Fire: Shortbow          |   114 |    65 ||   179
    Use: Scroll            |     3 |       ||     3
 Armour: Leather armour    |    12 |       ||    12
         Ring mail         |     6 |    48 ||    54
  Dodge: Dodged            |    39 |    52 ||    91

Table legend:
 A = Non-vault XP
 B = Vault XP
 C = Vault XP percentage of total XP
 D = Non-vault monster count
 E = Vault monster count
 F = Vault count percentage of total count
                 A         B        C        D         E       F
            +---------+---------+-------+---------+---------+-------
      Total |      62 |      90 |  59.2 |      28 |      19 |  40.4
            +---------+---------+-------+---------+---------+-------
        D:1 |      38 |      14 |  26.9 |      23 |       6 |  20.7
        D:2 |      24 |      76 |  76.0 |       5 |      13 |  72.2
            +---------+---------+-------+---------+---------+-------
